 Dungeon Crawl Stone Soup version 0.31.0-11-ge490571c62 (webtiles) character file.

Game seed: 9736415167205922472

126 qw the Skirmisher (level 4, -1/25 HPs)
             Began as a Deep Elf Hunter on Feb 4, 2024.
             Slain by a ribbon worm (3 damage)
             ... on level 3 of the Dungeon.
             The game lasted 00:00:16 (1757 turns).

qw the Skirmisher (Deep Elf Hunter)                 Turns: 1757, Time: 00:00:17

Health: -1/25      AC:  7    Str: 10    XL:     4   Next: 84%
Magic:  6/6        EV:  6    Int: 14    God:
Gold:   125        SH:  0    Dex: 18    Spells: 3/3 levels left

rFire   . . .        e - +1 longbow
rCold   . . .        (shield currently unavailable)
rNeg    . . .        f - +1 ring mail
rPois   .            a - +0 helmet
rElec   .            (no cloak)
rCorr   +            (no gloves)
SInv    .            (no boots)
Will    .....        d - amulet of regeneration
Stlth   +            g - ring of resist corrosion
HPRegen 1.04/turn    i - +4 ring of slaying {mikee}
MPRegen 0.10/turn

%: no passive effects
@: about to teleport, held
A: no striking features
a: no special abilities


You were on level 3 of the Dungeon.
You visited 1 branch of the dungeon, and saw 3 of its levels.

You collected 125 gold pieces.


   Skills:
 - Level 1.5 Fighting
 + Level 8.2 Ranged Weapons
 - Level 2.4 Dodging
 - Level 1.2 Stealth


You had 3 spell levels left.
You didn't know any spells.
Your spell library was empty.

Inventory:

Hand Weapons
 e - a +1 longbow (weapon)
Armour
 a - a +0 helmet (worn)
 f - a +1 ring mail (worn)
Jewellery
 d - an amulet of regeneration (around neck)
 g - a ring of resist corrosion (left hand)
 i - a +4 ring of slaying (right hand) {mikee}
Scrolls
 l - a scroll of vulnerability {unknown}
Potions
 b - a potion of curing
 c - a potion of haste
 h - a potion of resistance
 j - 2 potions of heal wounds {unknown}

Dungeon Overview and Level Annotations

Branches:
Dungeon (3/15)

Altars:

Shops:
D:1 (


Message History

The gnoll shouts! x2
You shoot an arrow. The arrow closely misses the gnoll.
A gnoll comes into view. It is wielding a +0 flail.
A gnoll comes into view. It is wielding a +0 spear.
You shoot an arrow. The gnoll shouts!
The arrow hits the gnoll!
The gnoll is heavily wounded.
A ribbon worm comes into view.
You shoot an arrow. The arrow barely misses the gnoll.
You shoot an arrow. The arrow hits the gnoll!
You kill the gnoll!
You shoot an arrow. The arrow closely misses the gnoll.
The gnoll hits you but does no damage.
You shoot an arrow. The arrow hits the gnoll.
The gnoll is moderately wounded.
The gnoll barely misses you. The gnoll hits you with a +0 flail.
The gnoll hits you but does no damage.
You shoot an arrow. The arrow hits the gnoll!
You kill the gnoll!
The gnoll barely misses you.
You shoot an arrow.
The arrow completely misses the ribbon worm.
The gnoll misses you.
The ribbon worm expels a string of sticky webbing.
The stream of webbing hits you but does no damage.
You are caught in a web!
The gnoll hits you from afar with a +0 spear.
The gnoll hits you with a +0 flail!
You struggle to detach yourself from the web.
The ribbon worm completely misses you. The gnoll barely misses you.
The gnoll hits you with a +0 flail.
You struggle to detach yourself from the web.
The ribbon worm barely misses you. The gnoll completely misses you.
The gnoll hits you with a +0 flail!
1757 ||| READING scroll of teleportation.
As you read the scroll of teleportation, it crumbles to dust.
You feel strangely unstable. The ribbon worm bites you.
You die...

#.... ##.## ##.## ...
... # ... # #.##.#####..
...#.#.|.......
.....gg........ #w@#
#..# #### #..#
.....#..################
#....)........).......%
#.#.#..#.##############
#.#.###.######### #..#
##........# ##
#.#.###.#######.## #.


You could see a ribbon worm and 2 gnolls.

Vanquished Creatures
  Robin (D:2)
  2 gnolls (D:3)
  3 adders
  2 dart slugs
  An orc (D:3)
  2 ball pythons
  3 bats
  7 endoplasms
  A giant cockroach (D:2)
  12 goblins
  12 hobgoblins
  3 jackals (D:2)
  A quokka (D:1)
  3 frilled lizards (D:1)
  3 kobolds
  2 rats (D:2)
58 creatures vanquished.

Notes
Turn   | Place    | Note
-------+----------+-------------------------------------------
     0 | D:1      | qw the Deep Elf Hunter began the quest for the Orb.
     0 | D:1      | Reached XP level 1. HP: 12/12 MP: 3/3
     0 | D:1      | 0 ||| qw: Version: 0.3-a-160-g6735b56
     0 | D:1      | 0 ||| qw: Game counter: 5875
     0 | D:1      | 0 ||| qw: Melee chars always use a shield: true
     0 | D:1      | 0 ||| qw: God list: Okawaru
     0 | D:1      | 0 ||| qw: Allow faded altars: false
     0 | D:1      | 0 ||| qw: Do Orc after clearing Dungeon:15 true
     0 | D:1      | 0 ||| qw: Do second Lair branch before Depths: true
     0 | D:1      | 0 ||| qw: Lair rune preference: random
     0 | D:1      | 0 ||| qw: Goals: Normal
     0 | D:1      | 0 ||| PLANNING D:1-11
    25 | D:1      | Found Rinod's Weapon Boutique.
    59 | D:1      | HP: 3/12 [quokka (4)]
   257 | D:1      | Reached skill level 6 in Ranged Weapons
   257 | D:1      | Reached XP level 2. HP: 16/16 MP: 4/4
   875 | D:1      | 875 ||| UPGRADING to +0 ring mail.
   885 | D:1      | 885 ||| DROPPING +0 leather armour.
   886 | D:1      | 886 ||| UPGRADING to amulet of regeneration.
   891 | D:1      | 891 ||| READING scroll labelled ZOAGEV PENAUZ.
   892 | D:1      | 892 ||| READING scroll labelled ACUD AH JOURUPT.
   892 | D:1      | 892 ||| ENCHANTING +0 shortbow.
   893 | D:1      | 893 ||| READING scroll labelled ARGHYL SETHAEMM.
   896 | D:1      | 896 ||| READING scroll labelled HYOM IDELUI.
   896 | D:1      | 896 ||| ENCHANTING +0 ring mail.
   897 | D:1      | 897 ||| READING 3 scrolls labelled AROSSUO JEEC.
   897 | D:1      | 897 ||| IDENTIFYING dark potion
   898 | D:1      | 898 ||| DROPPING scroll of butterflies.
   899 | D:1      | 899 ||| DROPPING potion of degeneration.
  1014 | D:2      | Reached XP level 3. HP: 20/20 MP: 5/5
  1081 | D:2      | Reached skill level 7 in Ranged Weapons
  1113 | D:2      | 1113 ||| SWAPPING to +0 longbow.
  1115 | D:2      | 1115 ||| DROPPING +1 shortbow.
  1198 | D:2      | Noticed Robin
  1199 | D:2      | Killed Robin
  1207 | D:2      | Reached XP level 4. HP: 25/25 MP: 6/6
  1484 | D:2      | 1484 ||| READING scroll of enchant weapon.
  1484 | D:2      | 1484 ||| ENCHANTING +0 longbow.
  1488 | D:2      | 1488 ||| UPGRADING to +0 helmet.
  1493 | D:2      | 1493 ||| UPGRADING to ring of resist corrosion.
  1494 | D:2      | 1494 ||| UPGRADING to +4 ring of slaying {mikee}.
  1495 | D:2      | 1495 ||| READING 2 scrolls of identify.
  1495 | D:2      | 1495 ||| IDENTIFYING ruby potion
  1496 | D:2      | 1496 ||| READING scroll of identify.
  1496 | D:2      | 1496 ||| IDENTIFYING purple potion
  1497 | D:2      | 1497 ||| DRINKING 2 glowing inky potions.
  1680 | D:3      | Reached skill level 8 in Ranged Weapons
  1756 | D:3      | HP: 1/25 [gnoll/+0 flail (9)]
  1757 | D:3      | 1757 ||| READING scroll of teleportation.
  1757 | D:3      | Slain by a ribbon worm

Levels and vault maps discovered:
D:1:      minmay_arrival_arboretum_small, layout_basic, serial_shops, shop
D:2:      layout_basic, kennysheep_generic_room_2, uniq_robin
D:3:      layout_loops_ring

Skill      XL: |  1  2  3  4 |
---------------+-------------+-----
Ranged Weapons | 6 7 8 |  8.2
Fighting       | |  1.5
Dodging        | |  2.4
Stealth        | |  1.2

Action                     |  1- 3 |  4- 6 || total
---------------------------+-------+-------++-------
   Fire: Shortbow          |    72 |       ||    72
         Longbow           |    11 |    42 ||    53
    Use: Scroll            |     5 |     4 ||     9
         Potion            |       |     1 ||     1
 Armour: Leather armour    |     7 |       ||     7
         Ring mail         |     6 |    15 ||    21
  Dodge: Dodged            |    20 |     8 ||    28

Table legend:
 A = Non-vault XP
 B = Vault XP
 C = Vault XP percentage of total XP
 D = Non-vault monster count
 E = Vault monster count
 F = Vault count percentage of total count
                 A         B        C        D         E       F
            +---------+---------+-------+---------+---------+-------
      Total |     142 |      39 |  21.5 |      45 |      13 |  22.4
            +---------+---------+-------+---------+---------+-------
        D:1 |      24 |       0 |   0.0 |      15 |       0 |   0.0
        D:2 |      66 |      39 |  37.1 |      23 |      13 |  36.1
        D:3 |      52 |       0 |   0.0 |       7 |       0 |   0.0
            +---------+---------+-------+---------+---------+-------
